 Dungeon Crawl Stone Soup version 0.19.5 (webtiles) character file.

81 tyranidshit the Skirmisher (level 4, -8/39 HPs)
             Began as a Demonspawn Abyssal Knight on Mar 15, 2017.
             Was a Believer of Lugonu.
             Mangled by a gnoll
             ... wielding a +0 halberd
              (9 damage)
             ... on level 2 of the Dungeon.
             The game lasted 00:05:15 (1209 turns).

tyranidshit the Skirmisher (DsAK)                   Turns: 1209, Time: 00:05:16

Health: -8/39      AC:  6    Str: 14      XL:     4   Next: 19%
Magic:  5/5        EV: 10    Int: 14 (15) God:    Lugonu [**....]
Gold:   86         SH:  0    Dex: 12      Spells: 0 memorised, 3 levels left

rFire  . . .     SeeInvis .     h - +0 war axe
rCold  + . .     Gourm    .     i - +0 ring mail {rC+}
rNeg   . . .     Faith    .     (no shield)
rPois  +         Spirit   .     (no helmet)
rElec  .         Reflect  .     (no cloak)
rCorr  .         Harm     .     d - +0 pair of gloves
MR     .....                    (no boots)
Stlth  +.........               (no amulet)
                                (no ring)
                                (no ring)

@: heavily drained
A: hooves 1, clever 1, nightstalker 1, poison resistance
a: Depart the Abyss, Bend Space, Renounce Religion


You were on level 2 of the Dungeon.
You worshipped Lugonu.
Lugonu was pleased with you.
You were not hungry.

You visited 1 branch of the dungeon, and saw 3 of its levels.
You visited the Abyss 1 time.

You collected 86 gold pieces.

Inventory:

Hand Weapons
 a - a +2 hand axe
 h - a +0 war axe (weapon)
 l - a +1 dagger of draining
Armour
 b - a +0 leather armour
 d - a +0 pair of gloves (worn)
 i - a +0 ring mail of cold resistance (worn)
 k - a +0 scale mail
Jewellery
 j - an uncursed amulet of harm
Scrolls
 f - a scroll of immolation
 g - a scroll of identify
Potions
 e - a potion of cancellation
Comestibles
 c - a bread ration


   Skills:
 + Level 5.1(3.3) Fighting
 - Level 1.7(0.1) Axes
 - Level 1.7(0.1) Armour
 - Level 0.8(0.0) Dodging
 - Level 2.4(0.8) Invocations


You had 3 spell levels left.
You didn't know any spells.

Dungeon Overview and Level Annotations

Branches:
Dungeon (3/15)

Altars:
Dithmenos


Innate Abilities, Weirdness & Mutations

You are slightly more attuned to the shadows.
You have large cloven feet.
Your mind is acute. (Int +2)
Your system is resistant to poisons. (rPois)


Message History

a halberd; a gnoll corpse You see here a rat skeleton.
You see here a ring mail.
Found a mace.
The gnoll shouts!
The gnoll is too close now for your liking.
The gnoll shouts!
Found 9 gold pieces.
You see here a chain mail.
The gnoll barely misses you.
Found a pair of gloves and a bread ration.
You closely miss the gnoll. The gnoll closely misses you.
The gnoll barely misses you. The gnoll hits you with a halberd!
* * * LOW HITPOINT WARNING * * *
You barely miss the gnoll.
The gnoll hits you from afar with a spear.
* * * LOW HITPOINT WARNING * * *
The gnoll closely misses you. The gnoll hits you but does no damage.
You closely miss the gnoll. The gnoll hits you with a halberd!
You die...

.......#####.#
#.####...... ####.#.# #.#
#.....###### ...#.# #.#
#...........
.####.#####.####....######
. ..##.......#....#
#####.......#....#
#...........#....####
#....g..............#
#.....@.............#
.$<.g..[........)...#
......##.##.........# #
%....[ #.##.........# #
...... #.##.........# .
...... #.############ .
...... #.# . #.# . .


You could see 2 gnolls.

Vanquished Creatures
  A gnoll (D:2)
  2 adders
  A worm (D:2)
  2 dart slugs
  4 orcs (D:3)
  3 giant cockroaches
  8 goblins
  5 hobgoblins
  A ball python (D:1)
  2 bats (D:2)
  4 frilled lizards
  5 kobolds
  6 rats
44 creatures vanquished.

Notes
Turn   | Place    | Note
-------+----------+-------------------------------------------
     0 | Abyss:1  | tyranidshit the Demonspawn Abyssal Knight began the quest for the Orb.
     0 | Abyss:1  | Reached XP level 1. HP: 18/18 MP: 2/2
    39 | Abyss:1  | Noticed a small abomination
    43 | Abyss:1  | Noticed a large abomination
    51 | D:1      | Escaped the Abyss
   153 | D:1      | Gained mutation: Scrolls take you a little longer to read. [potion of mutation]
   153 | D:1      | Lost mutation: Scrolls take you a little longer to read. [potion of mutation]
   153 | D:1      | Gained mutation: Your system is resistant to poisons. (rPois) [potion of mutation]
   155 | D:1      | Gained mutation: You have large cloven feet. [potion of mutation]
   155 | D:1      | Gained mutation: Your mind is acute. (Int +2) [potion of mutation]
   244 | D:1      | Gained mutation: You are slightly more attuned to the shadows. [demonic ancestry]
   244 | D:1      | Reached XP level 2. HP: 6/24 MP: 3/3
   314 | D:1      | Reached * piety under Lugonu
   614 | D:1      | Reached skill level 4 in Fighting
   769 | D:1      | Reached XP level 3. HP: 16/30 MP: 4/4
   932 | D:2      | Found a shadowy altar of Dithmenos.
  1074 | D:3      | Reached ** piety under Lugonu
  1074 | D:3      | Reached XP level 4. HP: 8/38 MP: 5/5
  1152 | D:2      | Reached skill level 5 in Fighting
  1208 | D:2      | HP: 1/39 [gnoll/spear (1)]
  1209 | D:2      | Mangled by a gnoll

Skill      XL: |  1  2  3  4 |
---------------+-------------+-----
Fighting       | 4 5 |  5.1
Axes           | |  1.7
Armour         | |  1.7
Dodging        | |  0.8
Invocations    | |  2.4

Action                   |  1- 3 |  4- 6 || total
-------------------------+-------+-------++-------
Melee: Hand axe          |   110 |     5 ||   115
       Kick              |    16 |     4 ||    20
       War axe           |       |     6 ||     6
Invok: Depart the Abyss  |     1 |       ||     1
  Use: Potion            |     6 |       ||     6
       Scroll            |     4 |     1 ||     5
 Stab: Sleeping          |     4 |       ||     4
       Distracted        |     1 |       ||     1
  Eat: Bread ration      |       |     1 ||     1
Armor: Leather armour    |    15 |       ||    15
       Scale mail        |    24 |       ||    24
       Ring mail         |       |     2 ||     2
Dodge: Dodged            |    60 |    11 ||    71
